 Dungeon Crawl Stone Soup version 0.30-a0-1016-gfb0d676c02 (webtiles) character file.

Game seed: 15976293083193506997

779 senseless the Fighter (level 7, -4/64 HPs)
             Began as a Gnoll Wanderer on Apr 6, 2023.
             Was a Follower of Uskayaw.
             Succumbed to a gnoll sergeant's poison
             ... on level 4 of the Dungeon.
             The game lasted 00:19:24 (5913 turns).

senseless the Fighter (Gnoll Wanderer)              Turns: 5913, Time: 00:19:25

Health: -4/64      AC:  9    Str: 18    XL:     7   Next: 85%
Magic:  13/13      EV: 12    Int:  9    God:    Uskayaw [*.....]
Gold:   236        SH:  0    Dex: 15    Spells: 13/14 levels left

rFire   . . .      SeeInvis .    g - +0 rapier
rCold   . . .      Faith    .    (no shield)
rNeg    . . .      Spirit   .    d - +0 leather armour
rPois   .          Reflect  .    h - +0 hat
rElec   .          Rampage  .    b - +0 cloak
rCorr   .                        f - +0 pair of gloves
Will    .....                    (no boots)
Stlth   +++                      (no amulet)
HPRegen 0.30/turn                k - +4 ring of protection
MPRegen 0.13/turn                c - +6 ring of strength

@: lethally poisoned (-4 -> -30)
A: fangs 1, strong nose, distributed training
a: Renounce Religion, Stomp


You were on level 4 of the Dungeon.
You worshipped Uskayaw.
Uskayaw was noncommittal.
You visited 2 branches of the dungeon, and saw 6 of its levels.

You collected 236 gold pieces.

Inventory:

Hand Weapons
 g - a +0 rapier (weapon)
 o - a +1 dagger of holy wrath
 w - a +0 flail of holy wrath
 z - the +0 dagger of Iwudwit {elec, rC+++ Int-5 Dex+4 Stlth+}
   (You found it on level 5 of the Dungeon)

   Int:       It affects your intelligence (-5).
   Dex:       It affects your dexterity (+4).
   rC:        It renders you almost immune to cold.
   Stlth:     It makes you more stealthy.
Missiles
 y - 2 throwing nets
Armour
 b - a +0 cloak (worn)
 d - a +0 leather armour (worn)
 f - a +0 pair of gloves (worn)
 h - a +0 hat (worn)
Magical Staves
 p - a staff of poison
Jewellery
 c - a +6 ring of strength (right hand)
 k - a +4 ring of protection (left hand)
 t - a ring of positive energy
Scrolls
 j - a scroll of teleportation
 v - a scroll of fog
Potions
 a - 2 potions of flight
 i - 2 potions of haste
 m - a potion of resistance
 n - a potion of brilliance
 u - a potion of lignification {unknown}
 x - a potion of degeneration {unknown}


   Skills:
 + Level 9.0 Fighting
 + Level 2.8 Short Blades
 + Level 2.8 Long Blades
 + Level 2.8 Axes
 + Level 2.8 Maces & Flails
 + Level 2.8 Polearms
 + Level 2.8 Staves
 + Level 2.8 Ranged Weapons
 + Level 2.8 Throwing
 + Level 2.8 Armour
 + Level 2.8 Dodging
 + Level 5.1 Stealth
 + Level 2.8 Shields
 + Level 2.8 Unarmed Combat
 + Level 4.0 Spellcasting
 + Level 2.3 Conjurations
 + Level 2.3 Hexes
 + Level 2.3 Summonings
 + Level 2.3 Necromancy
 + Level 2.3 Translocations
 + Level 2.3 Transmutations
 + Level 2.3 Fire Magic
 + Level 2.3 Ice Magic
 + Level 2.3 Air Magic
 + Level 6.0 Earth Magic
 + Level 2.3 Poison Magic
 + Level 3.1 Invocations
 + Level 2.8 Evocations


You had 13 spell levels left.
You knew the following spells:

 Your Spells              Type           Power      Damage    Failure   Level
a - Sandblast             Erth           24%        2d8       2%          1

Your spell library contained the following spells:

 Spells                   Type           Power      Damage    Failure   Level
 Animate Armour           Summ/Erth      18%        N/A       50%         4
 Leda's Liquefaction      Hex/Erth       4%         N/A       50%         4


Dungeon Overview and Level Annotations

Branches:
Dungeon (5/15)             Temple (1/1) D:4

Altars:
Gozag
Kikubaaqudgha
Makhleb
Okawaru
Trog
Uskayaw
Vehumet
Yredelemnul

Shops:
D:2 [[


Innate Abilities, Weirdness & Mutations

You have very sharp teeth.
Your uncanny sense of smell can sniff out nearby items.
Your experience applies equally to all skills.


Message History

* * * LOW HITPOINT WARNING * * *
You feel very sick. The gnoll sergeant closely misses you.
You feel better.
The gnoll sergeant hits you with a +2 spear of venom!
* * * LOW HITPOINT WARNING * * *
You hit the gnoll sergeant but do no damage.
The gnoll sergeant is moderately wounded.
The gnoll sergeant hits you with a +2 spear of venom.
* * * LOW HITPOINT WARNING * * *
You are lethally poisoned!
It was a potion of magic.
Magic courses through your body.
* * * LOW HITPOINT WARNING * * *
You feel very sick.
The gnoll sergeant hits you with a +2 spear of venom.
* * * LOW HITPOINT WARNING * * *
You are more poisoned.
Okay, then.
It was a potion of heal wounds.
You feel much better.
You feel very sick.
The gnoll sergeant hits you with a +2 spear of venom.
* * * LOW HITPOINT WARNING * * *
You are lethally poisoned!
You hit the gnoll sergeant but do no damage.
You bite the gnoll sergeant, but do no damage.
The gnoll sergeant is moderately wounded.
* * * LOW HITPOINT WARNING * * *
You feel very sick. The gnoll sergeant closely misses you.
You hit the gnoll sergeant but do no damage.
You bite the gnoll sergeant, but do no damage.
The gnoll sergeant is moderately wounded.
* * * LOW HITPOINT WARNING * * *
You feel very sick.
The gnoll sergeant hits you with a +2 spear of venom.
* * * LOW HITPOINT WARNING * * *
You are more poisoned.
You hit the gnoll sergeant but do no damage.
The gnoll sergeant is moderately wounded.
You die...

#....#
#.##................<...
####.#
#.###>#####.....#.#..... #.#
#.# #.#####.[........... #.#
#.# #...........#.#..... #.#
#.# #######.....#.......
####.#####.# #........###.#
...........###############.##
###
.###.######)(....[.........#
###...####......@###########
#.#.......####g# #####
#...#####.#
#.############.... ##### #.#
#..............### #.#
#############..###
###########.# #.....
............# ##.###
############# #.# #.#


You could see a gnoll sergeant.

Vanquished Creatures
  An ice beast (D:4)
  2 black bears
  A scorpion (D:4)
  2 hounds (D:4)
  A gnoll bouda (D:4)
  2 orc wizards
  3 iguanas
  5 gnolls
  9 adders
  An ufetubus (D:5)
  4 worms
  2 dart slugs
  9 orcs
  6 ball pythons
  3 bats
  4 endoplasms
  6 giant cockroaches
  11 hobgoblins
  2 jackals (D:2)
  3 kobolds
  5 quokkas
  7 frilled lizards
  7 goblins
  3 rats
99 creatures vanquished.

Notes
Turn   | Place    | Note
-------+----------+-------------------------------------------
     0 | D:1      | senseless the Gnoll Wanderer began the quest for the Orb.
     0 | D:1      | senseless set off with the following items: a +0 dagger, a
                  | +0 cloak, a scroll of fog, a +0 leather armour, a potion of
                  | curing; and the following spell memorised: Sandblast; and
                  | the following spells available to memorise: Animate Armour,
                  | Leda's Liquefaction.
     0 | D:1      | Reached XP level 1. HP: 26/26 MP: 4/4
   244 | D:1      | Reached XP level 2. HP: 26/33 MP: 0/5
   851 | D:1      | Found a faded altar of an unknown god.
  1371 | D:1      | Prayed at the altar of an unknown god.
  1371 | D:1      | Became a worshipper of Uskayaw the Reveller
  1371 | D:1      | Reached * piety under Uskayaw
  1457 | D:2      | Reached ** piety under Uskayaw
  1458 | D:2      | Reached XP level 3. HP: 38/38 MP: 2/7
  1512 | D:2      | Reached skill level 1 in Invocations
  1583 | D:2      | Found Kynil's Armour Boutique.
  1772 | D:2      | Reached skill level 1 in Short Blades
  1772 | D:2      | Reached skill level 1 in Long Blades
  1772 | D:2      | Reached skill level 1 in Axes
  1772 | D:2      | Reached skill level 1 in Maces & Flails
  1772 | D:2      | Reached skill level 1 in Polearms
  1772 | D:2      | Reached skill level 1 in Staves
  1772 | D:2      | Reached skill level 1 in Ranged Weapons
  1772 | D:2      | Reached skill level 1 in Throwing
  1772 | D:2      | Reached skill level 1 in Armour
  1772 | D:2      | Reached skill level 1 in Dodging
  1772 | D:2      | Reached skill level 1 in Shields
  1772 | D:2      | Reached skill level 1 in Unarmed Combat
  1772 | D:2      | Reached skill level 1 in Evocations
  1774 | D:2      | Reached *** piety under Uskayaw
  1775 | D:2      | Reached XP level 4. HP: 45/45 MP: 2/8
  1958 | D:2      | Found a burning altar of Makhleb.
  1958 | D:2      | Found Funk's Antique Armour Emporium.
  2179 | D:3      | Reached skill level 1 in Conjurations
  2179 | D:3      | Reached skill level 1 in Hexes
  2179 | D:3      | Reached skill level 1 in Summonings
  2179 | D:3      | Reached skill level 1 in Necromancy
  2179 | D:3      | Reached skill level 1 in Translocations
  2179 | D:3      | Reached skill level 1 in Transmutations
  2179 | D:3      | Reached skill level 1 in Fire Magic
  2179 | D:3      | Reached skill level 1 in Ice Magic
  2179 | D:3      | Reached skill level 1 in Air Magic
  2179 | D:3      | Reached skill level 1 in Poison Magic
  2753 | D:3      | Found an ancient bone altar of Kikubaaqudgha.
  3273 | D:4      | Reached XP level 5. HP: 51/51 MP: 5/9
  3336 | D:4      | Found a staircase to the Ecumenical Temple.
  3563 | D:4      | Noticed a black bear
  3569 | D:4      | Killed a black bear
  3709 | D:4      | Reached XP level 6. HP: 56/57 MP: 5/11
  4154 | D:4      | Reached **** piety under Uskayaw
  4536 | D:4      | Reached XP level 7. HP: 63/63 MP: 9/12
  4741 | Temple   | Entered the Ecumenical Temple
  4754 | D:5      | Entered Level 5 of the Dungeon
  4881 | D:5      | Identified the +0 dagger of Iwudwit {elec, rC+++ Int-5
                  | Dex+4 Stlth+}
  5521 | D:5      | Reached skill level 9 in Fighting
  5521 | D:5      | Reached skill level 5 in Stealth
  5909 | D:4      | HP: 2/64 [gnoll sergeant/+2 spear of venom (2)]
  5913 | D:4      | Succumbed to a gnoll sergeant's poison

Illustrated notes

Levels and vault maps discovered:
D:1:      nzn_arrival_settlement, layout_basic, shapermc_ecumenical_altar_gd
D:2:      layout_rooms, basic_altar, serial_shops, shop, nicolae_lakefront_shop
D:3:      layout_basic, lemuel_tele_altar
D:4:      layout_loops_ring, minmay_temple_entry_drinking_statues,
          kennysheep_cross_room, nicolae_nh_ransacked_shop
D:5:      layout_loops_ring, serial_shops, nicolae_shop_hallway_plus,
          kennysheep_generic_room_10
Temple:   nicolae_temple_ecumenical_triangle

Skill      XL: |  1  2  3  4  5  6  7 |
---------------+----------------------+-----
Invocations    | 1 2 3 |  3.1
Short Blades   | 1 2 |  2.8
Long Blades    | 1 2 |  2.8
Axes           | 1 2 |  2.8
Maces & Flails | 1 2 |  2.8
Polearms       | 1 2 |  2.8
Staves         | 1 2 |  2.8
Ranged Weapons | 1 2 |  2.8
Throwing       | 1 2 |  2.8
Armour         | 1 2 |  2.8
Dodging        | 1 2 |  2.8
Shields        | 1 2 |  2.8
Unarmed Combat | 1 2 |  2.8
Evocations     | 1 2 |  2.8
Spellcasting   | 3 4 |  4.0
Conjurations   | 1 2 |  2.3
Hexes          | 1 2 |  2.3
Summonings     | 1 2 |  2.3
Necromancy     | 1 2 |  2.3
Translocations | 1 2 |  2.3
Transmutations | 1 2 |  2.3
Fire Magic     | 1 2 |  2.3
Ice Magic      | 1 2 |  2.3
Air Magic      | 1 2 |  2.3
Poison Magic   | 1 2 |  2.3
Fighting       | 9 |  9.0
Stealth        | 5 |  5.1
Earth Magic    | 6 |  6.0

Action                     |  1- 3 |  4- 6 |  7- 9 || total
---------------------------+-------+-------+-------++-------
  Melee: Rapier            |    15 |    44 |    32 ||    91
         Dagger            |     2 |       |       ||     2
         Bite              |       |     4 |     4 ||     8
         Punch             |       |     1 |     1 ||     2
  Throw: Dart              |       |       |     2 ||     2
   Cast: Sandblast         |    44 |   112 |    56 ||   212
    Use: Scroll            |       |    11 |     1 ||    12
         Potion            |       |       |     6 ||     6
   Stab: Paralysed         |       |     1 |       ||     1
 Armour: Leather armour    |     6 |    48 |    30 ||    84
  Dodge: Dodged            |    12 |    48 |    58 ||   118

Table legend: (Time is in decaauts)
 A = Elapsed time spent in this place.
 B = Non-inter-level travel time spent in this place.
 C = Inter-level travel time spent in this place.
 D = Time resting spent in this place.
 E = Time spent auto-exploring this place.
 F = Levels seen in this place.
 G = Mean time per level.
                   A        B        C        D        E       F      G
               +--------+--------+--------+--------+--------+-----+--------+
         Total |   6037 |   5481 |    556 |    546 |   4077 |   6 | 1006.2 |
       Dungeon |   6035 |   5479 |    556 |    546 |   4077 |   5 | 1207.0 |
        Temple |      1 |      1 |      0 |      0 |      0 |   1 |    1.0 |
               +--------+--------+--------+--------+--------+-----+--------+

Top non-repeatable levels by time:
     D:4: 2160 daAuts
     D:1: 1468 daAuts
     D:3: 1144 daAuts
     D:2: 729 daAuts
     D:5: 532 daAuts
  Temple: 1 daAuts
